Map: Cosmic Sapphire

Players

ForJumY

  • Race: Protoss Protoss
  • League: Grandmaster
  • Spawn Location: 5:00

ShoWTimE - Winner!

  • Race: Protoss Protoss
  • Spawn Location: 11:00

Event: HomeStory Cup XXII

VOD

Have the link to the VOD?

Description

Time

  • Played on: Dec. 15, 2022, 6:16 a.m.
  • Length: 7:31

All games in this series

Show
View Real Time Build Order
Export as new Build Order

ForJumY Protoss 

Build Orders:  

Get SALT Encoding   

  12  0:00  Probe  
  13  0:12  Probe  
  14  0:16  Pylon  
  14  0:24  Probe  
  15  0:37  Gateway  
  15  0:38  Probe (Chrono Boost)  
  16  0:48  Probe (Chrono Boost), Assimilator  
  17  0:53  Probe (Chrono Boost)  
  17  0:56  Assimilator  
  18  1:04  Probe (Chrono Boost)  
  18  1:08  Gateway  
  19  1:13  Probe (Chrono Boost)  
  20  1:19  Probe  
  21  1:26  Cybernetics Core  
  21  1:31  Probe  
  22  1:37  Pylon  
  22  1:43  Probe  
  23  1:55  Probe  
  23  1:59  Warp Gate (Chrono Boost)  
  24  2:02  Adept x2  
  24  2:07  Probe  
  29  2:12  Pylon  
  29  2:19  Probe  
  30  2:26  Pylon  
  30  2:31  Probe  
  30  2:34  Adept  
  30  2:35  Adept  
  35  2:45  Probe  
  36  3:02  Nexus  
  36  3:09  Adept  
  38  3:17  Shield Battery  
  39  3:30  Pylon  
  37  3:37  Probe  
  37  3:39  Robotics Facility  
  36  3:43  Pylon  
  36  3:49  Sentry x2  
  36  3:51  Probe  
  41  3:56  Twilight Council, Stalker x2  
  39  4:05  Probe  
  38  4:14  Stalker x2  
  38  4:15  Probe  
  40  4:26  Stalker x2  
  38  4:35  Dark Shrine  
  38  4:36  Probe (Chrono Boost)  
  40  4:40  Probe (Chrono Boost), Stalker  
  42  4:46  Probe (Chrono Boost), Stalker  
  42  4:49  Probe (Chrono Boost)  
  42  4:51  Probe (Chrono Boost)  
  45  4:57  Immortal (Chrono Boost)  
  45  4:59  Probe  
  47  5:03  Probe  
  52  5:07  Pylon  
  52  5:10  Resonating Glaives (Chrono Boost)  
  51  5:16  Stalker  
  51  5:20  Gateway  
  53  5:28  Shield Battery  
  53  5:32  Immortal (Chrono Boost)  
  56  5:46  Gateway  
  56  5:47  Gateway  
  56  5:51  Gateway  
  56  6:03  Warp Prism (Chrono Boost)  
  58  6:04  Pylon  
  58  6:07  Sentry  
  58  6:10  Adept  
  62  6:14  Pylon  
  62  6:24  Adept  
  62  6:25  Pylon  
  64  6:30  Adept x2  
  68  6:33  Pylon  
  68  6:51  Adept x3  
  68  6:52  Adept x2  
  68  6:53  Adept  
  80  7:00  Pylon  
  74  7:22  Adept x6  
Show
View Real Time Build Order
Export as new Build Order

ShoWTimE Protoss - Winner!

Build Orders: Oracle Opening 

Get SALT Encoding   

  12  0:00  Probe  
  13  0:12  Probe  
  14  0:17  Pylon  
  14  0:24  Probe (Chrono Boost)  
  15  0:36  Gateway, Probe (Chrono Boost)  
  16  0:44  Probe (Chrono Boost)  
  16  0:45  Assimilator  
  17  0:51  Probe  
  18  1:03  Probe (Chrono Boost)  
  19  1:04  Assimilator  
  19  1:09  Gateway  
  19  1:13  Probe (Chrono Boost)  
  19  1:18  Probe (Chrono Boost)  
  20  1:23  Cybernetics Core  
  21  1:29  Probe  
  22  1:33  Pylon  
  22  1:41  Probe  
  23  1:53  Probe  
  24  1:59  Stalker x2  
  24  2:00  Warp Gate  
  28  2:09  Pylon  
  28  2:11  Probe  
  29  2:17  Pylon  
  29  2:27  Stargate  
  29  2:50  Nexus  
  29  2:58  Stalker  
  29  3:03  Shield Battery  
  31  3:09  Stalker  
  33  3:17  Oracle (Chrono Boost)  
  36  3:27  Pylon  
  36  3:28  Probe  
  37  3:38  Shield Battery  
  37  3:41  Probe  
  38  3:44  Oracle (Chrono Boost)  
  41  3:53  Probe  
  42  4:01  Probe  
  43  4:05  Probe  
  43  4:09  Stalker x2  
  48  4:13  Probe  
  49  4:22  Probe  
  49  4:29  Twilight Council, Probe  
  49  4:35  Probe  
  50  4:42  Probe (Chrono Boost)  
  51  4:50  Probe (Chrono Boost)  
  52  4:54  Probe (Chrono Boost)  
  52  4:55  Gateway  
  52  4:56  Gateway  
  54  5:01  Probe (Chrono Boost), Blink (Chrono Boost)  
  54  5:02  Probe (Chrono Boost)  
  55  5:08  Probe  
  55  5:11  Probe  
  57  5:15  Pylon  
  58  5:22  Stalker, Pylon  
  58  5:23  Probe  
  61  5:31  Stalker  
  62  5:37  Pylon  
  62  5:47  Nexus  
  62  5:50  Stalker x2  
  62  5:55  Stalker  
  62  5:56  Assimilator  
  68  6:02  Shield Battery  
  68  6:04  Shield Battery  
  68  6:06  Pylon  
  68  6:08  Probe  
  68  6:09  Probe  
  70  6:14  Stalker  
  72  6:20  Probe, Stalker  
  72  6:21  Probe  
  76  6:29  Stalker  
  76  6:31  Stalker  
  76  6:32  Probe  
  81  6:33  Probe  
  82  6:41  Pylon  
  84  6:49  Stalker  
  84  6:50  Shield Battery  
  84  6:52  Stalker x2  
  88  6:56  Pylon  
  88  7:03  Stalker  
  88  7:06  Shield Battery  
  88  7:07  Pylon  
  88  7:19  Stalker x3  
  89  7:30  Stalker  
Tags
 
Add a new tag
Caveats
  • Supply blocks, unpowered buildings, or Contaminate may cause inaccurate times.
  • Supply counts are checked every 10 seconds.